Cogmind - Beta 13 X1 @@@ ROGUE MODE // 2023.06.30 @ 00:57:21 Player: biogoob Result: Destroyed by S-43 Plague with Heavy Machine Gun Performance ------------- Evolutions (9) 4500 Regions Visited (17) 3400 Robots Destroyed (19) 95 Value Destroyed (476) 476 Prototype IDs (9) 180 Alien Tech Used (0) 0 Bonus (0) 0 TOTAL SCORE: 8651 Bonus ------- None Cogmind --------- Core Integrity 0/1600 Matter 227/300 Energy 99/100 System Corruption 3% Temperature Cool (0) Movement Core (50) Location -1/Command Parts ------- > --- POWER (2) -------- (None) > --- PROPULSION (6) --- (None) > --- UTILITY (14) ----- (None) > --- WEAPON (3) ------- (None) > --- INVENTORY (5) ---- Advanced ECM Suite Peak State ------------ > --- POWER ------------ Light Antimatter Reactor Light Antimatter Reactor > --- PROPULSION ------- Xenon Bombardment Thruster Xenon Bombardment Thruster Nuclear Pulse Thruster Field Propulsion Drive Field Propulsion Drive Improved Diametric Drive > --- UTILITY ---------- Advanced Cryofiber Web Advanced Weight Redist. System Enhanced Optical Array Advanced Sensor Array Advanced Signal Interpreter Advanced Signal Interpreter Advanced Melee Analysis Suite Advanced Melee Analysis Suite Transmission Jammer Cloaking Device Improved Propulsion Shielding Advanced Hacking Suite Advanced System Shield > --- WEAPON ----------- Chainsword Chainsword Chainsword > --- INVENTORY -------- Fission Core Field Propulsion Drive Cooled Q-thruster Advanced ECM Suite Improved Grenade Launcher [Rating: 126] Favorites ----------- Power Fission Core Engine Heavy Deuterium Engine Power Core Fission Core Reactor Light Antimatter Reactor Propulsion Xenon Bombardment Thruster Treads Advanced Medium Treads Leg Aluminum Leg Flight Unit Xenon Bombardment Thruster Utility Advanced Melee Analysis Suite Device Advanced Weight Redist. System Storage Small Storage Unit Processor Advanced Melee Analysis Suite Hackware Advanced Hacking Suite Protection Improved Propulsion Shielding Weapon Chainsword Energy Gun Medium Laser Ballistic Gun Assault Rifle Launcher Improved Grenade Launcher Slashing Weapon Chainsword Build | -11 -10 -9 -9 -8 -7 -6 -5 -5 -5 -4 -4 -4 -3 -3 -2 -1 -1 ------- Run | Jun Mat Mat Sto Mat Fac Fac Fac Upp Upp Fac Upp Upp Res Tes Res Acc Com Slots Evolved 18 | . . 2 . 2 2 2 2 . . 2 . . 2 . 2 2 . Power 1 | . . . . . . 1 . . . . . . . . . . . Propulsion 4 | . . 1 . 1 . 1 . . . . . . 1 . . . . Utility 12 | . . 1 . 1 2 . 2 . . 2 . . 1 . 1 2 . Weapon 1 | . . . . . . . . . . . . . . . 1 . . Parts Attached 74 | . 8 3 1 8 8 8 4 2 . 3 3 1 2 4 7 5 7 Power 9 | . 1 . . . 1 1 1 . . . . . . . 1 2 2 Engine 1 | . . . . . 1 . . . . . . . . . . . . Core 4 | . 1 . . . . 1 1 . . . . . . . . 1 . Reactor 4 | . . . . . . . . . . . . . . . 1 1 2 Propulsion 21 | . 3 2 . 5 1 3 . . . 1 . . 1 1 . 1 3 Treads 1 | . . . . . . . . . . . . . . . . . 1 Leg . | . . . . . . . . . . . . . . . . . . Wheel . | . . . . . . . . . . . . . . . . . . Hover . | . . . . . . . . . . . . . . . . . . Flight 20 | . 3 2 . 5 1 3 . . . 1 . . 1 1 . 1 2 Utility 31 | . . . 1 3 4 4 3 2 . 2 . . 1 3 5 1 2 Device 16 | . . . . 2 3 1 1 1 . . . . 1 1 5 . 1 Storage . | . . . . . . . . . . . . . . . . . . Processor 8 | . . . . 1 1 2 . . . . . . . 2 . 1 1 Hackware 3 | . . . . . . . 2 . . 1 . . . . . . . Protection 4 | . . . 1 . . 1 . 1 . 1 . . . . . . . Artifact . | . . . . . . . . . . . . . . . . . . Weapon 13 | . 4 1 . . 2 . . . . . 3 1 . . 1 1 . Energy Gun . | . . . . . . . . . . . . . . . . . . Energy Cannon . | . . . . . . . . . . . . . . . . . . Ballistic Gun 5 | . 4 1 . . . . . . . . . . . . . . . Ballistic Cannon . | . . . . . . . . . . . . . . . . . . Launcher 3 | . . . . . . . . . . . 2 . . . . 1 . Special Weapon . | . . . . . . . . . . . . . . . . . . Impact Weapon . | . . . . . . . . . . . . . . . . . . Slashing Weapon 5 | . . . . . 2 . . . . . 1 1 . . 1 . . Piercing Weapon . | . . . . . . . . . . . . . . . . . . Special Melee Weapon . | . . . . . . . . . . . . . . . . . . Unidentified Prototypes 7 | . . 1 1 . 1 2 . . . . . . . 1 . . 1 Parts Lost 28 | . . . . 3 . . . . . . . . . 1 . 22 2 Power 4 | . . . . . . . . . . . . . . 1 . 3 . Propulsion 10 | . . . . 2 . . . . . . . . . . . 6 2 Utility 10 | . . . . 1 . . . . . . . . . . . 9 . Weapon 4 | . . . . . . . . . . . . . . . . 4 . Highest Loss Streak 22 | . . . . 2 . . . . . . . . . 1 . 22 2 To Critical Strikes . | . . . . . . . . . . . . . . . . . . Average Slot Usage (%) 91 | . 75 63 77 80 92 95 98 100 100 98 100 100 100 99 97 83 25 Engine 1 | . 12 . . . 5 6 3 . . . . . . . . . . Core 7 | . 1 11 11 9 . 5 7 11 11 10 10 10 9 8 4 2 . Flight 26 | . 14 33 33 26 30 29 29 29 29 26 26 26 28 28 26 21 3 Device 14 | . . . . 9 17 13 13 16 17 15 15 15 19 19 21 17 2 Processor 14 | . . . . 8 14 19 17 17 17 15 15 15 14 14 17 17 15 Hackware 5 | . . . . . . . 7 5 5 8 10 10 9 9 8 6 . Protection 5 | . . . 11 9 7 6 5 5 5 10 10 10 9 8 4 3 . Ballistic Gun 2 | . 21 19 22 18 2 . . . . . . . . . . . . Slashing Weapon 9 | . . . . . 12 13 11 11 11 10 9 10 9 9 13 10 . Naked Turns 2 | . . . . . . . . . . . . . . . . . 2 Heaviest Build 39 | 11 12 9 13 14 23 27 30 30 29 31 34 31 32 32 39 39 16 Greatest Support 48 | 20 20 13 13 29 31 38 39 39 39 40 40 40 47 48 39 39 30 Greatest Overweight (x) 2 | . 2 . . . . . . . . . . . . . . 1 . Average Overweight (x) . | . . . . . . . . . . . . . . . . . . Largest Inventory Capacity 8 | . 8 5 5 5 5 5 5 5 5 5 5 5 5 5 5 5 5 Average Capacity 5 | . 6 5 5 5 5 5 5 5 5 5 5 5 5 5 5 5 5 Most Carried 8 | . 8 4 4 5 5 5 5 5 5 5 5 5 4 5 5 5 3 Average Carried 4 | . 5 3 4 4 4 4 4 5 5 4 5 5 3 4 4 4 1 Final Capacity 8 | 8 5 5 5 5 5 5 5 5 5 5 5 5 5 5 5 5 5 Final Carried 6 | 6 5 4 4 5 5 5 5 5 5 5 5 5 4 5 5 3 1 Class Distribution -------------------- 39% | Hacker-Ninja 24% | Ninja 17% | Mutant 12% | Sprinter Dominant Class ---------------- Mutant | -10/Materials Mutant | -9/Materials Mutant | -9/Storage Mutant | -8/Materials Sprinter | -7/Factory Sprinter | -6/Factory Ninja | -5/Factory Ninja | -5/Upper Caves Ninja | -5/Upper Caves Hacker-Ninja | -4/Factory Hacker-Ninja | -4/Upper Caves Hacker-Ninja | -4/Upper Caves Hacker-Ninja | -3/Research Hacker-Ninja | -3/Testing Hacker-Ninja | -2/Research Hacker-Ninja | -1/Access Mutant | -1/Command Resources | -11 -10 -9 -9 -8 -7 -6 -5 -5 -5 -4 -4 -4 -3 -3 -2 -1 -1 ----------- Run | Jun Mat Mat Sto Mat Fac Fac Fac Upp Upp Fac Upp Upp Res Tes Res Acc Com Matter Collected 1000 | 200 146 . . . . 241 14 124 . . 95 27 . 40 37 76 . Remotely . | . . . . . . . . . . . . . . . . . . Salvage Created 708 | . 166 . 37 . . 225 14 24 . . 66 . . 63 37 76 . Parts 57 | . 17 . 2 . . 20 3 3 . . . . . 5 1 6 . Haulers Intercepted . | . . . . . . . . . . . . . . . . . . Recyclers Shooed 1 | . 1 . . . . . . . . . . . . . . . . Parts Field Recycled . | . . . . . . . . . . . . . . . . . . Retrieved Matter . | . . . . . . . . . . . . . . . . . . Parts Self-Destructed 8 | . . . . . . . . 3 . . . 5 . . . . . Prevented . | . . . . . . . . . . . . . . . . . . Kills | -11 -10 -9 -9 -8 -7 -6 -5 -5 -5 -4 -4 -4 -3 -3 -2 -1 -1 ------- Run | Jun Mat Mat Sto Mat Fac Fac Fac Upp Upp Fac Upp Upp Res Tes Res Acc Com Combat Hostiles Destroyed 5 | . 3 . 1 . . . . 1 . . . . . . . . . Melee 1 | . . . . . . . . 1 . . . . . . . . . Guns 4 | . 3 . 1 . . . . . . . . . . . . . . Classes Destroyed 7 | . 3 . . . . 2 1 1 . . . . . . . . . Worker 3 | . 1 . . . . 2 . . . . . . . . . . . Tunneler 2 | . 1 . . . . 1 . . . . . . . . . . . Recycler 1 | . . . . . . 1 . . . . . . . . . . . Operator 1 | . . . . . . . 1 . . . . . . . . . . Watcher 7 | . . . . . . 2 . . . . . . . 2 1 2 . Swarmer 1 | . . . . . . . . 1 . . . . . . . . . Grunt 4 | . 3 . 1 . . . . . . . . . . . . . . Packrat 1 | . . . . . . . . . . . 1 . . . . . . Best Kill Streak 3 | . 3 . 1 . . 2 1 1 . . . . . 1 1 1 . Combat Bots Only 2 | . 2 . 1 . . . . 1 . . . . . . . . . Max Kills in Single Turn 2 | . 2 . 1 . . 1 1 1 . . 1 . . 1 1 1 . Gunslinging . | . . . . . . . . . . . . . . . . . . Exploded . | . . . . . . . . . . . . . . . . . . Melee 1 | . . . . . . . . 1 . . . . . . . . . Uniques/NPCs Destroyed . | . . . . . . . . . . . . . . . . . . Combat | -11 -10 -9 -9 -8 -7 -6 -5 -5 -5 -4 -4 -4 -3 -3 -2 -1 -1 -------- Run | Jun Mat Mat Sto Mat Fac Fac Fac Upp Upp Fac Upp Upp Res Tes Res Acc Com Damage Taken 3745 | . 56 . 124 202 20 11 . 68 39 57 . . . 104 51 2347 666 Core 1694 | . 12 . 10 18 . . . 16 . 22 . . . . . 1354 262 Absorbed by Shields . | . . . . . . . . . . . . . . . . . . Redirected to Shielding 159 | . . . . . . . . 20 13 8 . . . 18 . 100 . Regen/Repaired (Parts) 27 | . . . 18 8 1 . . . . . . . . . . . . Core Remaining (%) 98 | 100 95 . 97 96 100 100 . . 98 . . 98 . 100 100 . . Volleys Fired 25 | . 11 . 9 . . . . . . . 4 . . . . 1 . Largest 2 | . 2 . 2 . . . . . . . 1 . . . . 1 . Hottest 40 | . 40 . 40 . . . . . . . 36 . . . . 36 . Shots Fired 45 | . 22 . 18 . . . . . . . 4 . . . . 1 . Gun 40 | . 22 . 18 . . . . . . . . . . . . . . Cannon . | . . . . . . . . . . . . . . . . . . Launcher 5 | . . . . . . . . . . . 4 . . . . 1 . Special . | . . . . . . . . . . . . . . . . . . Kinetic 40 | . 22 . 18 . . . . . . . . . . . . . . Thermal . | . . . . . . . . . . . . . . . . . . Explosive 5 | . . . . . . . . . . . 4 . . . . 1 . Electromagnetic . | . . . . . . . . . . . . . . . . . . Robot Hit Streak 12 | . 4 . 12 . . . . . . . . . . . . . . Robot Miss Streak 2 | . 2 . 1 . . . . . . . . . . . . . . Penetration Max . | . . . . . . . . . . . . . . . . . . Secondary Targets . | . . . . . . . . . . . . . . . . . . Shots Hit Robots 60 | . 13 . 17 . . 10 1 1 . 2 1 . . 7 4 4 . Core Hits 28 | . 8 . 3 . . 6 1 1 . 1 . . . 3 1 4 . Critical Kills . | . . . . . . . . . . . . . . . . . . Critical Parts Destroyed . | . . . . . . . . . . . . . . . . . . Critical Strikes 3 | . . . . . . . . . . . . . . 1 . 2 . Sever 3 | . . . . . . . . . . . . . . 1 . 2 . Melee Attacks 92 | . . . . . . 15 3 13 . 8 2 2 1 15 11 22 . Impact . | . . . . . . . . . . . . . . . . . . Slashing 92 | . . . . . . 15 3 13 . 8 2 2 1 15 11 22 . Piercing . | . . . . . . . . . . . . . . . . . . Sneak Attacks 6 | . . . . . . 5 . . . . 1 . . . . . . Combat Hostiles . | . . . . . . . . . . . . . . . . . . Follow-up Attacks 7 | . . . . . . 1 . 1 . 1 . . . 2 1 1 . Damage Inflicted 2072 | . 192 . 214 . . 632 62 34 . 87 80 . . 327 201 243 . Guns 406 | . 192 . 214 . . . . . . . . . . . . . . Cannons . | . . . . . . . . . . . . . . . . . . Explosions 44 | . . . . . . . . . . . . . . . . 44 . Melee 1622 | . . . . . . 632 62 34 . 87 80 . . 327 201 199 . Ramming . | . . . . . . . . . . . . . . . . . . Kinetic 406 | . 192 . 214 . . . . . . . . . . . . . . Thermal . | . . . . . . . . . . . . . . . . . . Explosive 44 | . . . . . . . . . . . . . . . . 44 . Electromagnetic . | . . . . . . . . . . . . . . . . . . Impact . | . . . . . . . . . . . . . . . . . . Slashing 1622 | . . . . . . 632 62 34 . 87 80 . . 327 201 199 . Piercing . | . . . . . . . . . . . . . . . . . . Highest Corruption 3 | . . . . . . . . . . . . . . . . 3 3 Average Corruption 3 | . . . . . . . . . . . . . . . . 3 3 Corruption Purged . | . . . . . . . . . . . . . . . . . . Corruption Blocked . | . . . . . . . . . . . . . . . . . . Effects 2 | . . . . . . . . . . . . . . . . 1 1 Data Loss (minor) 1 | . . . . . . . . . . . . . . . . 1 . Alerts 1 | . . . . . . . . . . . . . . . . . 1 Overload Shots . | . . . . . . . . . . . . . . . . . . Overflow Damage 211 | . . . . . . 68 . . . . 60 . . 37 46 . . Projectiles . | . . . . . . . . . . . . . . . . . . Explosions . | . . . . . . . . . . . . . . . . . . Melee 211 | . . . . . . 68 . . . . 60 . . 37 46 . . Knockbacks . | . . . . . . . . . . . . . . . . . . Impact . | . . . . . . . . . . . . . . . . . . Kinetic . | . . . . . . . . . . . . . . . . . . Secondary . | . . . . . . . . . . . . . . . . . . Self-Inflicted Damage 65 | . . . . . . . . . . . . . . . . 65 . Shots 1 | . . . . . . . . . . . . . . . . 1 . Rammed . | . . . . . . . . . . . . . . . . . . Targets Rammed . | . . . . . . . . . . . . . . . . . . Kicked . | . . . . . . . . . . . . . . . . . . Crushed . | . . . . . . . . . . . . . . . . . . Highest Temperature 184 | . 1 . 56 35 . 180 134 100 184 20 52 34 . . 64 . . Average Temperature 36 | . 1 . 31 23 . 65 62 30 78 7 18 13 . . 26 . . Received Heat Transfer 249 | . 30 . 66 72 9 6 . 18 . . . . . 21 9 . 18 Siege Activations . | . . . . . . . . . . . . . . . . . . Robots Corrupted . | . . . . . . . . . . . . . . . . . . Combat Hostiles . | . . . . . . . . . . . . . . . . . . Parts Fried . | . . . . . . . . . . . . . . . . . . Impact Corruptions . | . . . . . . . . . . . . . . . . . . Robots Melted . | . . . . . . . . . . . . . . . . . . Combat Hostiles . | . . . . . . . . . . . . . . . . . . Parts Melted . | . . . . . . . . . . . . . . . . . . Heat Transferred . | . . . . . . . . . . . . . . . . . . Parts Sabotaged . | . . . . . . . . . . . . . . . . . . Parts Stolen . | . . . . . . . . . . . . . . . . . . Parts Stripped . | . . . . . . . . . . . . . . . . . . Power Chain Reactions . | . . . . . . . . . . . . . . . . . . Missiles Intercepted . | . . . . . . . . . . . . . . . . . . Alert | -11 -10 -9 -9 -8 -7 -6 -5 -5 -5 -4 -4 -4 -3 -3 -2 -1 -1 ------- Run | Jun Mat Mat Sto Mat Fac Fac Fac Upp Upp Fac Upp Upp Res Tes Res Acc Com Peak Influence 312 | . 105 59 128 126 138 188 159 . . 192 . . 98 174 170 312 146 Initial 101 | . . 44 24 53 63 67 99 . . 25 . . 51 54 97 101 86 Average 108 | . 49 46 76 73 102 113 123 . . 61 . . 68 124 133 177 103 Maximum Alert Level 1 | . . . . . . . . . . . . . . . . 1 . Low Security (%) 96 | . 100 100 100 100 100 100 100 . . 100 . . 100 100 100 65 100 Level 1 3 | . . . . . . . . . . . . . . . . 34 . Level 2 . | . . . . . . . . . . . . . . . . . . Level 3 . | . . . . . . . . . . . . . . . . . . Level 4 . | . . . . . . . . . . . . . . . . . . Level 5 . | . . . . . . . . . . . . . . . . . . High Security . | . . . . . . . . . . . . . . . . . . Max Security . | . . . . . . . . . . . . . . . . . . Squads Dispatched 12 | . 2 . 2 . . . 2 . . 1 . . . 1 1 1 2 Investigation 2 | . 1 . . . . . 1 . . . . . . . . . . Extermination . | . . . . . . . . . . . . . . . . . . Reinforcement 10 | . 1 . 2 . . . 1 . . 1 . . . 1 1 1 2 Assault . | . . . . . . . . . . . . . . . . . . Garrison . | . . . . . . . . . . . . . . . . . . Intercept . | . . . . . . . . . . . . . . . . . . Searches Triggered . | . . . . . . . . . . . . . . . . . . Construction Impeded . | . . . . . . . . . . . . . . . . . . Haulers Reinforced . | . . . . . . . . . . . . . . . . . . Active Scanning Responses . | . . . . . . . . . . . . . . . . . . Cargo Convoy Interrupts . | . . . . . . . . . . . . . . . . . . Stealth | -11 -10 -9 -9 -8 -7 -6 -5 -5 -5 -4 -4 -4 -3 -3 -2 -1 -1 --------- Run | Jun Mat Mat Sto Mat Fac Fac Fac Upp Upp Fac Upp Upp Res Tes Res Acc Com Distress Signals 6 | . 1 . 1 1 . 2 . . . . . . . . . 1 . Communications Jammed . | . . . . . . . . . . . . . . . . . . Distress Signals . | . . . . . . . . . . . . . . . . . . Times Spotted 103 | . 4 . 10 12 8 7 2 10 1 15 . . . 12 3 10 9 Peak Tracking Total 12 | . 3 . 8 12 4 5 1 4 1 7 . . . 9 1 6 8 Tactical Retreats 13 | . . . 1 1 1 1 . 4 . 2 . . . 1 . 2 . Traps | -11 -10 -9 -9 -8 -7 -6 -5 -5 -5 -4 -4 -4 -3 -3 -2 -1 -1 ------- Run | Jun Mat Mat Sto Mat Fac Fac Fac Upp Upp Fac Upp Upp Res Tes Res Acc Com Traps Triggered 1 | . . . . . 1 . . . . . . . . . . . . Indirectly . | . . . . . . . . . . . . . . . . . . Trap Hack Attempts . | . . . . . . . . . . . . . . . . . . Triggered . | . . . . . . . . . . . . . . . . . . Disarmed . | . . . . . . . . . . . . . . . . . . Reprogrammed . | . . . . . . . . . . . . . . . . . . Reused . | . . . . . . . . . . . . . . . . . . Traps Extracted . | . . . . . . . . . . . . . . . . . . Installed . | . . . . . . . . . . . . . . . . . . Triggered . | . . . . . . . . . . . . . . . . . . Machines | -11 -10 -9 -9 -8 -7 -6 -5 -5 -5 -4 -4 -4 -3 -3 -2 -1 -1 ---------- Run | Jun Mat Mat Sto Mat Fac Fac Fac Upp Upp Fac Upp Upp Res Tes Res Acc Com Machines Disabled . | . . . . . . . . . . . . . . . . . . Max in Single Turn . | . . . . . . . . . . . . . . . . . . Garrison Access 5 | . . . . . 1 1 1 . . 1 . . . . . 1 . Machines Repaired . | . . . . . . . . . . . . . . . . . . Machines Sabotaged . | . . . . . . . . . . . . . . . . . . Overloaded Fab Kills . | . . . . . . . . . . . . . . . . . . Hacking | -11 -10 -9 -9 -8 -7 -6 -5 -5 -5 -4 -4 -4 -3 -3 -2 -1 -1 --------- Run | Jun Mat Mat Sto Mat Fac Fac Fac Upp Upp Fac Upp Upp Res Tes Res Acc Com Machines Accessed 37 | . 1 1 4 2 2 7 7 1 . 3 . . . 3 3 3 . Terminals 23 | . . 1 4 1 . 4 5 1 . 2 . . . 2 2 1 . Fabricators 4 | . . . . . . 1 1 . . . . . . 1 1 . . Repair Stations . | . . . . . . . . . . . . . . . . . . Recycling Units 2 | . 1 . . . . . . . . . . . . . . 1 . Scanalyzers 2 | . . . . . 1 1 . . . . . . . . . . . Garrison Access 6 | . . . . 1 1 1 1 . . 1 . . . . . 1 . Total Hacks 79 | . 1 3 7 7 3 13 18 1 . 7 . . . 11 4 4 . Successful 37 | . 1 1 5 5 2 7 6 1 . 1 . . . 6 . 2 . Failed 42 | . . 2 2 2 1 6 12 . . 6 . . . 5 4 2 . Catastrophic 8 | . . . . . . 1 2 . . . . . . 2 3 . . Database Lockouts . | . . . . . . . . . . . . . . . . . . Manual 22 | . . 1 . 4 . 4 7 . . 1 . . . 3 2 . . Terminals 59 | . . 3 7 5 . 9 15 1 . 5 . . . 9 3 2 . Fabricators 5 | . . . . . . 1 1 . . . . . . 2 1 . . Repair Stations . | . . . . . . . . . . . . . . . . . . Recycling Units 2 | . 1 . . . . . . . . . . . . . . 1 . Scanalyzers 3 | . . . . . 2 1 . . . . . . . . . . . Garrison Access 10 | . . . . 2 1 2 2 . . 2 . . . . . 1 . Terminal Hacks 22 | . . . 5 4 . 3 3 1 . . . . . 5 . 1 . Record 1 | . . . . . . . . 1 . . . . . . . . . Robot Analysis 3 | . . . . 3 . . . . . . . . . . . . . Prototype ID Bank 1 | . . . . . . . 1 . . . . . . . . . . Open Door 3 | . . . 3 . . . . . . . . . . . . . . Branch Access Points 1 | . . . . . . . . . . . . . . 1 . . . Alert Level 1 | . . . . . . . . . . . . . . 1 . . . Locate Traps 2 | . . . . . . . 1 . . . . . . 1 . . . Dispatch Records 1 | . . . . . . 1 . . . . . . . . . . . Maintenance Status 1 | . . . 1 . . . . . . . . . . . . . . Transport Status 1 | . . . 1 . . . . . . . . . . . . . . Zone Layout 6 | . . . . 1 . 2 1 . . . . . . 1 . 1 . Protovariant Controls 1 | . . . . . . . . . . . . . . 1 . . . Fabricator Hacks . | . . . . . . . . . . . . . . . . . . Repair Station Hacks . | . . . . . . . . . . . . . . . . . . Recycling Unit Hacks 1 | . 1 . . . . . . . . . . . . . . . . Report Inventory 1 | . 1 . . . . . . . . . . . . . . . . Scanalyzer 1 | . . . . . 1 . . . . . . . . . . . . Insert Component 1 | . . . . . 1 . . . . . . . . . . . . Garrison Access Hacks 5 | . . . . . 1 1 1 . . 1 . . . . . 1 . Seal Access 5 | . . . . . 1 1 1 . . 1 . . . . . 1 . Unauthorized Hacks 8 | . . 1 . 1 . 3 2 . . . . . . 1 . . . Terminals 6 | . . 1 . 1 . 2 1 . . . . . . 1 . . . Track 4 | . . 1 . 1 . 1 . . . . . . . 1 . . . Botnet 2 | . . . . . . 1 1 . . . . . . . . . . Fabricators 2 | . . . . . . 1 1 . . . . . . . . . . Fabnet 2 | . . . . . . 1 1 . . . . . . . . . . Repair Stations . | . . . . . . . . . . . . . . . . . . Recycling Units . | . . . . . . . . . . . . . . . . . . Scanalyzers . | . . . . . . . . . . . . . . . . . . Garrison Access . | . . . . . . . . . . . . . . . . . . Data Cores Recovered 1 | . . . . . . . 1 . . . . . . . . . . Used . | . . . . . . . . . . . . . . . . . . Hacking Detections 30 | . . 1 2 2 1 5 7 1 . 3 . . . 3 3 2 . Full Trace Events 2 | . . . . 1 . . 1 . . . . . . . . . . Feedback Events . | . . . . . . . . . . . . . . . . . . Feedback Blocked . | . . . . . . . . . . . . . . . . . . Robot Schematics Acquired . | . . . . . . . . . . . . . . . . . . Robots Built . | . . . . . . . . . . . . . . . . . . Authchips . | . . . . . . . . . . . . . . . . . . Time . | . . . . . . . . . . . . . . . . . . Total Robot Build Rating . | . . . . . . . . . . . . . . . . . . Part Schematics Acquired . | . . . . . . . . . . . . . . . . . . Parts Built . | . . . . . . . . . . . . . . . . . . Authchips . | . . . . . . . . . . . . . . . . . . Time . | . . . . . . . . . . . . . . . . . . Total Part Build Rating . | . . . . . . . . . . . . . . . . . . Parts Repaired . | . . . . . . . . . . . . . . . . . . Time . | . . . . . . . . . . . . . . . . . . Parts Recycled . | . . . . . . . . . . . . . . . . . . Recycled Matter . | . . . . . . . . . . . . . . . . . . Retrieved Matter . | . . . . . . . . . . . . . . . . . . Retrieved Components . | . . . . . . . . . . . . . . . . . . Parts Scanalyzed 1 | . . . . . 1 . . . . . . . . . . . . Part Schematics Acquired . | . . . . . . . . . . . . . . . . . . Parts Damaged . | . . . . . . . . . . . . . . . . . . Bothacking | -11 -10 -9 -9 -8 -7 -6 -5 -5 -5 -4 -4 -4 -3 -3 -2 -1 -1 ------------ Run | Jun Mat Mat Sto Mat Fac Fac Fac Upp Upp Fac Upp Upp Res Tes Res Acc Com Used RIF Installer . | . . . . . . . . . . . . . . . . . . Robots Hacked 2 | . . . . . . . . . . 1 . 1 . . . . . Non-combat . | . . . . . . . . . . . . . . . . . . Combat 2 | . . . . . . . . . . 1 . 1 . . . . . Robot Hacks Applied . | . . . . . . . . . . . . . . . . . . Relay Couplers Released . | . . . . . . . . . . . . . . . . . . Fabnet Peak Effective % 4 | . . . . . . . 3 3 3 4 4 4 1 1 . . . Autooverrided 2 | . . . . . . . . . . 1 . 1 . . . . . Robots Rewired . | . . . . . . . . . . . . . . . . . . Allies Hacked . | . . . . . . . . . . . . . . . . . . Hacks Repelled . | . . . . . . . . . . . . . . . . . . Allies | -11 -10 -9 -9 -8 -7 -6 -5 -5 -5 -4 -4 -4 -3 -3 -2 -1 -1 -------- Run | Jun Mat Mat Sto Mat Fac Fac Fac Upp Upp Fac Upp Upp Res Tes Res Acc Com Total Allies 2 | . . . . . . . . . . 1 . 1 . . . . . Largest Group 1 | . . . . . . . . . . 1 . 1 . . . . . Highest-Rated Group 47 | . . . . . . . . . . 47 . 42 . . . . . Highest-Rated Ally 47 | . . . . . . . . . . 47 . 42 . . . . . Total Orders . | . . . . . . . . . . . . . . . . . . Ally Attacks 4 | . . . . . . . . . . 2 . 2 . . . . . Total Damage 160 | . . . . . . . . . . 82 . 78 . . . . . Kills . | . . . . . . . . . . . . . . . . . . Allies Corrupted . | . . . . . . . . . . . . . . . . . . Allies Melted . | . . . . . . . . . . . . . . . . . . Intel | -11 -10 -9 -9 -8 -7 -6 -5 -5 -5 -4 -4 -4 -3 -3 -2 -1 -1 ------- Run | Jun Mat Mat Sto Mat Fac Fac Fac Upp Upp Fac Upp Upp Res Tes Res Acc Com Robot Analysis Total 3 | . . . . 3 . . . . . . . . . . . . . Derelict Logs Recovered 1 | . . . . . . . . . . . . 1 . . . . . Drone Launches . | . . . . . . . . . . . . . . . . . . Drone Recoveries . | . . . . . . . . . . . . . . . . . . Exploration | -11 -10 -9 -9 -8 -7 -6 -5 -5 -5 -4 -4 -4 -3 -3 -2 -1 -1 ------------- Run | Jun Mat Mat Sto Mat Fac Fac Fac Upp Upp Fac Upp Upp Res Tes Res Acc Com Turns Passed 2779 | . 158 36 80 101 110 277 177 494 109 114 145 156 57 196 287 179 103 Spaces Moved 6037 | 1 136 94 138 254 271 781 498 879 371 300 395 279 96 398 613 422 111 Core 42 | . . . . . . . . . . . . . . . . 3 39 Treads 40 | . . . . . . . . . . . . . . . . . 40 Legs 46 | 1 45 . . . . . . . . . . . . . . . . Wheels . | . . . . . . . . . . . . . . . . . . Hover . | . . . . . . . . . . . . . . . . . . Flight 5909 | . 91 94 138 254 271 781 498 879 371 300 395 279 96 398 613 419 32 Fastest Speed 25 | 120 37 34 34 29 29 25 26 26 26 26 28 28 25 25 25 25 45 Average Speed 29 | 120 72 34 34 34 29 27 27 26 26 27 28 28 25 25 25 25 82 Slowest Speed 200 | 120 200 34 34 37 31 29 28 26 26 28 28 28 25 25 25 125 145 Overloaded Moves . | . . . . . . . . . . . . . . . . . . Propulsion Burnouts . | . . . . . . . . . . . . . . . . . . Robots Hopped 40 | . . . 6 7 3 7 1 . . . . 2 . 9 3 2 . Cave-ins Triggered 1 | . . . . . . . . . . . . . . . . 1 . Exploration Rate (%) 27 | 2 46 9 38 34 9 26 15 78 39 13 61 33 2 57 18 13 4 Regions Visited 17 Branch Regions 7 Pre-discovered Areas . | . . . . . . . . . . . . . . . . . . Known Exits Taken 12 | . . . . . 1 1 1 1 1 1 1 1 1 1 1 1 . Unknown Exits Taken 5 | 1 1 1 1 1 . . . . . . . . . . . . . Scrap Searched 2 | . . . . . . . . 1 . . 1 . . . . . . Spaces Dug 23 | . . . . . . 3 2 6 . 1 1 1 1 3 2 3 . Terrain Destroyed 71 | . . . . . . 3 2 6 . 1 49 1 1 3 2 3 . Melee 23 | . . . . . . 3 2 6 . 1 1 1 1 3 2 3 . Projectile . | . . . . . . . . . . . . . . . . . . AOE 48 | . . . . . . . . . . . 48 . . . . . . Terrain Rammed . | . . . . . . . . . . . . . . . . . . Walls Destroyed . | . . . . . . . . . . . . . . . . . . Machines Disabled . | . . . . . . . . . . . . . . . . . . Actions | -11 -10 -9 -9 -8 -7 -6 -5 -5 -5 -4 -4 -4 -3 -3 -2 -1 -1 --------- Run | Jun Mat Mat Sto Mat Fac Fac Fac Upp Upp Fac Upp Upp Res Tes Res Acc Com Total 6827 | . 178 97 145 258 297 813 532 1128 382 321 420 351 126 465 728 464 122 Wait 586 | . . . 4 . . 5 26 239 12 7 17 73 27 58 98 20 . Move 5949 | . 135 93 129 239 264 766 495 878 370 299 394 275 95 383 606 417 111 Hop 31 | . . . 2 7 3 7 1 . . . . 1 . 5 3 2 . Pick Up 22 | . 6 . . 2 3 4 1 . . 3 . . 1 . 1 1 . Fast Attach 40 | . 6 1 1 5 6 6 3 . . 1 . . . 2 4 1 4 Attach 14 | . . 2 . 1 . . 1 . . 1 . . 2 . 2 2 3 Detach 13 | . 4 1 . . . 1 1 . . . . . . 1 2 . 3 Swap 20 | . 2 . . 2 2 2 . 2 . 1 3 1 . 2 1 2 . Drop 43 | . 14 . . 2 8 8 1 . . 3 . . . 2 2 2 1 Fire 25 | . 11 . 9 . . . . . . . 4 . . . . 1 . Melee 73 | . . . . . . 14 3 9 . 6 2 1 1 12 9 16 . Ram . | . . . . . . . . . . . . . . . . . . Kick . | . . . . . . . . . . . . . . . . . . Crush . | . . . . . . . . . . . . . . . . . . Escape Stasis 11 | . . . . . 11 . . . . . . . . . . . . Rewire . | . . . . . . . . . . . . . . . . . . Trap . | . . . . . . . . . . . . . . . . . . Miscellaneous . | . . . . . . . . . . . . . . . . . . Route ------- -11/Junkyard -10/Materials (discovered 2 exits: *Mat / [*Min]) -9/Materials -9/Storage -8/Materials -7/Factory -6/Factory -5/Factory (discovered 2 exits: *Fac / *Upp) -5/Upper Caves -5/Upper Caves -4/Factory -4/Upper Caves -4/Upper Caves -3/Research -3/Testing -2/Research -1/Access -1/Command History --------- Turn | Location | Event 1 | -11/Junkyard | Discovered new exit (range 0) 1 | -11/Junkyard | Entered Materials 121 | -10/Materials | Discovered new exit (range 15) 154 | -10/Materials | Discovered new exit (range 12) 159 | -10/Materials | Entered another Materials area 159 | -9/Materials | Evolved 2 slots: Propulsion x1, Utility x1 177 | -9/Materials | Discovered new exit (range 5) 195 | -9/Materials | Entered Storage 198 | -9/Storage | Found Prototype Protection 198 | -9/Storage | Identified Lgt. Regenerative Plating 274 | -9/Storage | Discovered new exit (range 3) 275 | -9/Storage | Entered Materials 275 | -8/Materials | Evolved 2 slots: Propulsion x1, Utility x1 317 | -8/Materials | Build established: Mutant 372 | -8/Materials | Discovered new exit (range 8) 376 | -8/Materials | Entered Factory 376 | -7/Factory | Evolved 2 slots: Utility x2 466 | -7/Factory | Discovered new exit (range 10) 469 | -7/Factory | Identified exit to Factory 486 | -7/Factory | Entered another Factory area 486 | -6/Factory | Evolved 2 slots: Power x1, Propulsion x1 644 | -6/Factory | Spotted B-75 Beast 656 | -6/Factory | Build established: Sprinter 673 | -6/Factory | Discovered new exit (range 16) 676 | -6/Factory | Identified exit to Factory 763 | -6/Factory | Entered another Factory area 763 | -5/Factory | Evolved 2 slots: Utility x2 783 | -5/Factory | Discovered new exit (range 13) 786 | -5/Factory | Identified exit to Factory 923 | -5/Factory | Discovered new exit (range 17) 939 | -5/Factory | Identified exit to Upper Caves 940 | -5/Factory | Entered Upper Caves 1168 | -5/Upper Caves | Build established: Ninja 1414 | -5/Upper Caves | Attracted the attention of an 0b10 checkpoint 1429 | -5/Upper Caves | Discovered new exit (range 21) 1434 | -5/Upper Caves | Identified exit to Upper Caves 1434 | -5/Upper Caves | Entered another Upper Caves area 1459 | -5/Upper Caves | Discovered exit to Factory (range 11) 1543 | -5/Upper Caves | Entered Factory 1543 | -4/Factory | Evolved 2 slots: Utility x2 1621 | -4/Factory | Local machine network offline 1646 | -4/Factory | Discovered new exit (range 20) 1654 | -4/Factory | Identified exit to Upper Caves 1657 | -4/Factory | Entered Upper Caves 1797 | -4/Upper Caves | Discovered new exit (range 14) 1800 | -4/Upper Caves | Identified exit to Upper Caves 1802 | -4/Upper Caves | Entered another Upper Caves area 1806 | -4/Upper Caves | Discovered new exit (range 17) 1842 | -4/Upper Caves | Build established: Hacker-Ninja 1948 | -4/Upper Caves | Learned Research emergency access door positions 1957 | -4/Upper Caves | Identified exit to Research 1958 | -4/Upper Caves | Entered Research 1958 | -3/Research | Evolved 2 slots: Propulsion x1, Utility x1 1980 | -3/Research | Discovered new exit (range 15) 2011 | -3/Research | Identified exit to Testing 2013 | -3/Research | Spotted B-86 Titan 2015 | -3/Research | Entered Testing 2193 | -3/Testing | Discovered new exit (range 16) 2196 | -3/Testing | Identified exit to Research 2211 | -3/Testing | Entered Research 2211 | -2/Research | Evolved 2 slots: Utility x1, Weapon x1 2398 | -2/Research | Discovered new exit (range 21) 2454 | -2/Research | Identified exit to Access 2498 | -2/Research | Entered Access 2498 | -1/Access | Evolved 2 slots: Utility x2 2637 | -1/Access | Spotted B-99 Colossus 2637 | -1/Access | Spotted B-99 Colossus 2656 | -1/Access | Crushed by falling debris 2667 | -1/Access | Core integrity fell below 50% 2675 | -1/Access | Core integrity fell below 20% 2676 | -1/Access | Discovered new exit (range 3) 2676 | -1/Access | Identified exit to Command 2677 | -1/Access | Entered Command 2701 | -1/Command | Lost 22 parts (3p6n9u4w) 2778 | -1/Command | Released all parts (6) 2780 | -1/Command | Destroyed by S-43 Plague with Heavy Machine Gun Last Messages --------------- 02699_ Identified Cld. Q-thruster. 02699_ Adv. Signal Interpreter broken. 02699_ Malfunction: Power surge. 02700_ Discarded Broken Adv. Signal Interpreter. 02701_ Dropped Faulty Cld. Q-thruster. 02713_ Acquired EM Disruption Field. 02718_ Acquired Adv. Medium Treads. 02721_ System corrupted: IFF burst signal emitted. 02746_ O-32 Director: "IFF HANDSHAKE FAILED. SECURING TERMINAL." 02769_ ALERT: Hostiles spotted, dispatching reinforcements to Terminal C007. 02778_ Field Propulsion Drive destroyed. 02778_ Adv. Medium Treads destroyed. 02778_ Slug penetrates Wall. 02778_ Released Adv. Targeting Computer. 02778_ Released Enh. Optical Array. 02778_ Released Adv. Melee Analysis Suite. 02778_ Released Lgt. Quantum Reactor. 02778_ Released EM Disruption Field. 02778_ R-10 Processor collects EM Disruption Field. Map ----- +----------------------------------------------------+ | ????????????????????#""""" #???# ######### | | ????????????????????#" " #???# # #?????? | | ????????????????????#" #???# # #?????? | | ???????????????????##" " ##### # #?????? | | ??????????????####?#""" """ + #?????? | | ??????????????# #??# " # # #?????? | | ??????????????# #??# # # #?????? | | ???????#??????# #??# # # !!!#?????? | | ???????# ##### #??# # # !!#?????? | | ???????# #??##### ##### # !! #?????? | | ???????# #??????# # #?????? | | ???????# ##### #??????# # #?????? | | ???????#??????# ######## # #?????? | | ??????????????# k k # #?????? | | ??????????????# ########?????? | | ??????????????# ######## #????????????? | | ??????????????# # #?# #?#######????? | | ??????????????# """" sss # #?# # #????? | | ??????????????# """" s # ### # #????? | | ??????????????# """" # + + ! #????? | | ??????????????# """"s # ###+#########????? | | ??????????????# s * + # #?????????? | | ??????????????# R# # #?????????? | | ??????????????# m## # #?????????? | | ??????????????# ## # ]#?????????? | | ??????????????#+#########@#######= #?????????? | | ??????????????? ????????# #?????# #?????????? | | ????????????????????????# #?????########?????????? | | ????????????????????????# #??????????????????????? | | ????????????????????????# #??????????????????????? | | ????????????????????????# +??????????????????????? | | ????????????????????????# #??????????????????????? | | ????????????????????????# #??????????????????????? | | ????????????????????????# #??????????????????????? | | ????????????????????????? #??????????????????????? | | ?????????????????????????k#??????????????????????? | | ????????????????????????? #??????????????????????? | | ????????????????????????? ???????????????????????? | | ????????????????????????? ???????????????????????? | | ????????????????????????? ???????????????????????? | | ????????????????????????? ???????????????????????? | | ????????????????????????? ???????????????????????? | | ?????????????????????????????????????????????????? | | ?????????????????????????????????????????????????? | | ?????????????????????????????????????????????????? | | ?????????????????????????????????????????????????? | | ?????????????????????????????????????????????????? | | ?????????????????????????????????????????????????? | | ?????????????????????????????????????????????????? | | ?????????????????????????????????????????????????? | +----------------------------------------------------+ Best States ------------- Heat Dissipation 52 Energy Generation 37 Energy Capacity 380 Matter Stores 300 Matter Capacity 300 Sight Range 22 Robot Scan Range 16 Terrain Scan Density 10 ECM Strength 2 Jamming Range 12 Cloak Strength 2 Power Amplification 30 Additional Mass Support 9 Base Temperature (-) 200 Armor Coverage 150 Resistance: EM 25 Propulsion Shielding 66 Evasion (%) 65 Targeting Accuracy 8 Melee Accuracy 16 Recoil Reduction 1 Offensive Hacking 14 Defensive Hacking 14 Item Schematics ----------------- None Robot Schematics ------------------ None Fabricated ------------ Nothing Alien Tech Used ----------------- None Achievements -------------- None Challenges ------------ None Game ------ Seed CloakingMultinovaNeutralizer Manual? 0 Play Time 01:35:25 Cumulative 116.0 hours Start 2023.06.29 @ 21:12:17 End 2023.06.30 @ 00:57:21 Sessions 5 Manual Loads 0 Difficulty Rogue Special Mode None Game No. 136 Rogue 113 Adventurer 19 Explorer 4 Win Type - Total 1 Types 0/0/1/0/0/0/0/0/0 Lore% 48 Gallery% 51 Achievement% 46 Wizard Run 0 Options --------- ASCII 1 Keyboard 1 Movement Vi Keybinds 0 Fullscreen 2 Font 18/Smallcaps Map View 76x50 Tactical HUD 1 Map Filters SATURATION(80) Filters SATURATION(80) Steam 1 RUN: 9af93dff-91c4-48d3-ab96-1ba9d6fe84d3